 Dungeon Crawl Stone Soup version 0.26.1-11-gd32895ea62 (webtiles) character file.

Game seed: 13781248185298838331

71 Zeld the Ducker (level 4, -3/33 HPs)
             Began as an Octopode Monk on May 17, 2021.
             Was a Believer of Wu Jian.
             Slain by a water moccasin (6 damage)
             ... in a sewer.
             The game lasted 00:05:52 (2931 turns).

Zeld the Ducker (Octopode Monk)                     Turns: 2931, Time: 00:05:53

Health: -3/33      AC:  1    Str:  7 (10) XL:     4   Next: 24%
Magic:  6/6        EV: 15    Int:  9 (12) God:    Wu Jian [**....]
Gold:   145        SH:  0    Dex: 14 (15) Spells: 6/6 levels left

rFire    . . .     SeeInvis .     - Unarmed
rCold    . . .     Faith    .   (no shield)
rNeg     . . .     Spirit   .   (helmet restricted)
rPois    .         Reflect  .   (no amulet)
rElec    +         Harm     .   (no ring)
rCorr    .         Rampage  .   (no ring)
Will     .....                  (no ring)
Stlth    +++.......             (no ring)
HPRegen  0.51/turn              (no ring)
MPRegen  0.10/turn              (no ring)
                                (no ring)
                                (no ring)

@: attractive, hasted, very quick
A: almost no armour, stealthy swim, amphibious, 8 rings, constrict 8, camouflage
1, low mp 1, regeneration 1, electricity resistance, gelatinous body 1,
MP-powered wands
a: Renounce Religion, Wall Jump


You were in a sewer.
You worshipped Wu Jian.
Wu Jian was pleased with you.
You visited 1 branch of the dungeon, and saw 3 of its levels.
You also visited: Sewer.

You collected 145 gold pieces.

Inventory:

Jewellery
 b - an uncursed amulet of the acrobat {unknown}
 h - an uncursed amulet of magic regeneration {unknown}
Scrolls
 a - a scroll of remove curse {unknown}
 e - 3 scrolls of identify {unknown}
 g - 2 scrolls of fog {unknown}
 j - a scroll of enchant weapon {unknown}
 k - a scroll of teleportation {unknown}


   Skills:
 * Level 3.7 Fighting
 * Level 3.7 Dodging
 - Level 2.6 Stealth
 - Level 3.0 Unarmed Combat
 * Level 1.8 Spellcasting


You had 6 spell levels left.
You didn't know any spells.
Your spell library was empty.

Dungeon Overview and Level Annotations

Branches:
Dungeon (3/15)              Sewer (1/1)

Altars:
Sif Muna
Wu Jian


Innate Abilities, Weirdness & Mutations

You cannot wear most types of armour.
You are very stealthy in the water. (Stealth+)
You are amphibious.
You can wear up to eight rings at the same time.
You can use your tentacles to constrict eight enemies at once.
Your skin changes colour to match your surroundings (Stealth+).
Your rubbery body absorbs attacks. (AC +1, EV +1)
Your magical capacity is low. (-10% MP)
Your natural rate of healing is unusually fast.
You are resistant to electric shocks. (rElec)
You expend magic power (3 MP) to strengthen your wands.


Message History

You feel weakened.
You feel dopey.
You feel clumsy.
You constrict the water moccasin, but do no damage.
The water moccasin bites you.
You tentacle-slap the water moccasin but do no damage.
The water moccasin is lightly wounded.
You constrict the water moccasin, but do no damage.
The water moccasin bites you!
* * * LOW HITPOINT WARNING * * *
You tentacle-slap the water moccasin but do no damage.
The water moccasin is lightly wounded.
You constrict the water moccasin, but do no damage.
The water moccasin closely misses you.
Unknown command.
You tentacle-slap the water moccasin.
The water moccasin is lightly wounded.
You constrict the water moccasin. You tentacle-slap the water moccasin.
The water moccasin is heavily wounded.
You constrict the water moccasin. The water moccasin bites you.
You die...

#.#######...≈†≈...
#..........≈≈≈†≈.∩
#.#######...≈≈≈...
#.# ##...≈...# #.#
##..†..## #.#
####### #.# #S#
#@# #∩# #.# #!#
###


You could see a water moccasin.

Vanquished Creatures
  An adder (D:2)
  A river rat (D:3)
  A worm (D:2)
  A dart slug (D:1)
  2 leopard geckos
  3 ball pythons
  4 giant cockroaches
  5 goblins
  A hobgoblin (D:1)
  2 jackals (D:3)
  5 kobolds
  A quokka (D:2)
  10 bats
  2 frilled lizards (D:1)
  7 rats
46 creatures vanquished.

Notes
Turn   | Place    | Note
-------+----------+-------------------------------------------
     0 | D:1      | Zeld the Octopode Monk began the quest for the Orb.
     0 | D:1      | Reached XP level 1. HP: 16/16 MP: 1/1
   648 | D:1      | Reached XP level 2. HP: 21/21 MP: 2/2
   777 | D:1      | Reached skill level 1 in Spellcasting
   982 | D:1      | Reached XP level 3. HP: 26/26 MP: 4/4
  1744 | D:2      | Found a shimmering blue altar of Sif Muna.
  1960 | D:2      | Found an ornate altar of the Wu Jian Council.
  1965 | D:2      | Noticed a spectral centipede
  1965 | D:2      | Noticed a spectral black mamba
  1965 | D:2      | Noticed a spectral cane toad
  1966 | D:2      | Became a worshipper of the Wu Jian Council
  1966 | D:2      | Reached * piety under Wu Jian
  1966 | D:2      | Reached ** piety under Wu Jian
  2591 | D:3      | Found a glowing drain.
  2607 | D:3      | Gained mutation: Potions are less effective at restoring
                  | your health. [potion of mutation]
  2607 | D:3      | Gained mutation: Your flesh is heat resistant. (rF+)
                  | [potion of mutation]
  2607 | D:3      | Gained mutation: Your muscles are strong. (Str +2) [potion
                  | of mutation]
  2608 | D:3      | Lost mutation: Your muscles are strong. (Str +2) [potion of
                  | mutation]
  2608 | D:3      | Lost mutation: Potions are less effective at restoring your
                  | health. [potion of mutation]
  2608 | D:3      | Lost mutation: Your flesh is heat resistant. (rF+) [potion
                  | of mutation]
  2608 | D:3      | Gained mutation: Your magical capacity is low. (-10% MP)
                  | [potion of mutation]
  2608 | D:3      | Gained mutation: You are resistant to electric shocks.
                  | (rElec) [potion of mutation]
  2608 | D:3      | Gained mutation: Your natural rate of healing is unusually
                  | fast. [potion of mutation]
  2608 | D:3      | Gained mutation: You expend magic power (3 MP) to
                  | strengthen your wands. [potion of mutation]
  2622 | D:3      | Reached XP level 4. HP: 8/33 MP: 4/5
  2778 | Sewer    | Entered a sewer
  2913 | Sewer    | Noticed a water moccasin
  2931 | Sewer    | Slain by a water moccasin

Illustrated notes

Levels and vault maps discovered:
D:1:      elethiomel_arrival_quiet, layout_basic
D:2:      layout_loops_corners, lemuel_crystal_altar,
          pdpol_wu_jian_five_deadly_venoms, serial_glass, glass_columns_b,
          glass_columns_b
D:3:      cheibrodos_greedy_goblins, layout_basic,
          nicolae_overflow_crystal_walls, old_standard_altar,
          portal_sewer_entry_a, dk_noncrumbling_3
Sewer:    sewer_big_baddie

Skill      XL: |  1  2 |
---------------+-------+-----
Spellcasting   | 1 |  1.8
Fighting       | |  3.7
Dodging        | |  3.7
Stealth        | |  2.6
Unarmed Combat | |  3.0

Action                   |  1- 3 |  4- 6 || total
-------------------------+-------+-------++-------
Melee: Unarmed           |    73 |    29 ||   102
       Tentacles         |    15 |     5 ||    20
       Constrict         |    19 |     9 ||    28
       Punch             |     1 |       ||     1
Invok: Whirlwind         |     3 |     5 ||     8
       Lunge             |     3 |       ||     3
 Abil: Wall Jump         |     1 |       ||     1
  Use: Potion            |     2 |     3 ||     5
 Stab: Sleeping          |    12 |     1 ||    13
Armor: Skin              |     6 |     4 ||    10
Dodge: Dodged            |    49 |    22 ||    71
